 Dungeon Crawl Stone Soup version 0.32-a0-7-ge934b4519a (webtiles) character file.

Game seed: 8567878423137217585

2430 miscthings the Mimic (level 9, -7/89 HPs)
             Began as an Oni Shapeshifter on Jan 14, 2024.
             Mangled by a yak (10 damage)
             ... on level 7 of the Dungeon.
             The game lasted 00:08:23 (5644 turns).

miscthings the Mimic (Oni Shapeshifter)             Turns: 5644, Time: 00:08:24

Health: -7/89      AC:  2    Str: 20    XL:     9   Next: 48%
Magic:  9/9        EV: 16    Int: 11    God:
Gold:   499        SH:  5    Dex: 18    Spells: 8/8 levels left

rFire   . .          .
                       - Unarmed
rCold   . . .        (shield currently unavailable)
rNeg    . . .        a - melded +0 animal skin
rPois   .            (helmet restricted)
rElec   .            n - +0 cloak
rCorr   .            (gloves unavailable)
SInv    .            (boots unavailable)
Will    .....        q - amulet of reflection
Stlth   +            t - +6 ring of dexterity
HPRegen 0.34/turn    (no ring)
MPRegen 0.11/turn

%: reflection
@: flux-form, glowing
A: glow, contaminating, large, unfitting armour, horns 1, tough skin 1, double
potion healing, drunken brawling
a: Begin Untransformation


You were on level 7 of the Dungeon.
You were something dangerously unstable.
You visited 2 branches of the dungeon, and saw 8 of its levels.
You also visited: Sewer.

You collected 499 gold pieces.

Inventory:

Armour
 a - a +0 animal skin (melded)
 j - +0 steam dragon scales
 n - a +0 cloak (worn)
Jewellery
 q - an amulet of reflection (around neck)
 t - a +6 ring of dexterity (left hand)
Talismans
 c - a beast talisman
 d - a flux talisman (active)
 h - a talisman of death
Scrolls
 b - 2 scrolls of fog
 i - 2 scrolls of teleportation
 m - a scroll of immolation
 s - a scroll of poison
 u - a scroll of fear
 w - a scroll of noise {unknown}
Potions
 e - 2 potions of mutation
 f - 3 potions of enlightenment
 g - 2 potions of haste
 k - a potion of magic
 l - 2 potions of might
 o - a potion of cancellation
 p - a potion of heal wounds
 r - a potion of brilliance
 v - a potion of curing {unknown}


   Skills:
 + Level 6.1 Fighting
 + Level 4.4 Dodging
 * Level 6.5 Unarmed Combat
 + Level 8.3 Shapeshifting


You had 8 spell levels left.
You didn't know any spells.
Your spell library contained the following spells:

 Spells                   Type           Power      Damage    Failure   Level
 Cigotuvi's Dreadful Rot  Necr/Alch/Air  0%         N/A       47%         2
 Dispel Undead            Necr           0%         3d6       98%         4
 Martyr's Knell           Necr/Summ      0%         N/A       98%         4
 Death Channel            Necr           0%         N/A       100%        6


Dungeon Overview and Level Annotations

Branches:
Dungeon (7/15)             Temple (1/1) D:6           Sewer (visited)

Altars:
Ashenzari
Dithmenos
Elyvilon
Fedhas
Gozag
Hepliaklqana
Kikubaaqudgha
Makhleb
Nemelex Xobeh
Okawaru
Ru
Sif Muna
Trog
Uskayaw
Vehumet
Xom
Zin
The Shining One

Shops:
D:4 *

Annotations:
D:4 3 runed translucent doors, veles2001's ghost, amateur HuBe


Innate Abilities, Weirdness & Mutations

You are something dangerously unstable.
You glow with magical radiation, making you easy to see and hit.
Foes you strike become dangerously contaminated with magical radiation.
You are incapable of wielding weapons or throwing items.
You are too large for most types of armour.
You have a pair of small horns on your head.
You have tough skin. (AC +1)
You gain doubled healing and magic from potions.
Whenever you drink a healing potion, you attack all around you.


Message History

The yak stops glowing.
Your Unarmed Combat skill increases to level 6!
You hit the yak.
The yak begins to glow.
You headbutt the yak, but do no damage.
The yak is moderately wounded.
You punch the yak!
The yak begins to glow.
The yak is lightly wounded.
You hit the yak but do no damage.
The yak glows dangerously bright.
You headbutt the yak.
The yak is moderately wounded.
You hit the yak.
The yak shudders as magic cascades through it!!
You kill the yak!
You hit the yak.
The yak glows dangerously bright.
The yak is heavily wounded.
The yak closely misses you.
You hit the yak.
The yak shudders as magic cascades through it!
The yak twists and deforms.
The yak is severely wounded.
You block the yak's attack.
You punch the yak!
The yak begins to glow.
The yak is almost dead.
You block the yak's attack.
You barely miss the yak.
The yak is almost dead.
The yak barely misses you.
You hit the yak.
You kill the yak!
Your Fighting skill increases to level 6!
You hit the yak.
You kill the yak!
You hit the yak.
The yak begins to glow.
The yak is lightly wounded.
The yak gores you!
* * * LOW HITPOINT WARNING * * *
You hit the yak.
The yak glows dangerously bright.
The yak is lightly wounded.
The yak gores you!
You die...

#......# #......#
#......##+##
#......#...#
#......#...#
#......#...#
#......#...####.#
#...............#
#......##p####..#
####.####Y####..#
#..........†....#
####.######.##.......
#............ .......
#.##.######.# .......
#.##......#.# .......
#.##.#......# .......
#...........# .......


You could see a yak (heavy contam).

Vanquished Creatures
  Maggie (D:7)
  Grinder (D:3)
  5 yaks (D:7)
  An ice beast (D:5)
  An ogre (D:3)
  2 phantoms (D:5)
  2 bullfrogs (D:7)
  3 scorpions
  4 hounds
  A bombardier beetle (D:3)
  A jelly (D:6)
  Crazy Yiuf (D:3)
  3 iguanas
  An orc wizard (D:4)
  13 adders
  A river rat (Sewer)
  A white imp (D:6)
  4 ufetubi
  4 dart slugs
  2 ribbon worms
  12 orcs
  5 endoplasms
  6 giant cockroaches
  7 goblins
  11 hobgoblins
  3 jackals (Sewer)
  7 quokkas
  11 ball pythons
  14 bats
  7 frilled lizards
  10 kobolds
  7 rats
152 creatures vanquished.

Notes
Turn   | Place    | Note
-------+----------+-------------------------------------------
     0 | D:1      | miscthings the Oni Shapeshifter began the quest for the
                  | Orb.
     0 | D:1      | Reached XP level 1. HP: 19/19 MP: 1/1
   119 | D:1      | Reached XP level 2. HP: 23/27 MP: 2/2
   418 | D:1      | Reached XP level 3. HP: 28/33 MP: 3/3
   528 | D:1      | Reached skill level 4 in Shapeshifting
  1035 | D:2      | Reached XP level 4. HP: 40/41 MP: 4/4
  1158 | D:3      | Noticed an ogre
  1164 | D:3      | Killed an ogre
  1165 | D:3      | Reached skill level 5 in Shapeshifting
  1165 | D:3      | Reached XP level 5. HP: 48/48 MP: 5/5
  1229 | D:3      | Noticed a +0 falchion
  1229 | D:3      | Noticed a +0 dagger
  1229 | D:3      | Noticed a +0 short sword
  1229 | D:3      | Noticed a +0 dagger
  1229 | D:3      | Noticed a +0 falchion
  1236 | D:3      | Found a hide-covered altar of Uskayaw.
  1237 | D:3      | Noticed a +0 short sword
  1239 | D:3      | Noticed a +0 spear
  1239 | D:3      | Noticed a +0 spear
  1381 | D:3      | Found a sparkling altar of Nemelex Xobeh.
  1455 | D:3      | Noticed Grinder
  1470 | D:3      | Killed Grinder
  1471 | D:3      | Reached skill level 6 in Shapeshifting
  1471 | D:3      | Reached XP level 6. HP: 12/55 MP: 6/6
  1717 | D:3      | Identified the +4 hammer "Veitei" {chaos, *Noise rN+
                  | Stlth+}
  1719 | D:3      | Found a runed translucent door.
  1720 | D:3      | Noticed Crazy Yiuf
  1726 | D:3      | Killed Crazy Yiuf
  1727 | D:3      | Reached skill level 7 in Shapeshifting
  1779 | D:3      | Reached XP level 7. HP: 58/62 MP: 7/7
  1796 | D:3      | Found a blossoming altar of Fedhas.
  2718 | D:4      | Found a bloodstained altar of Trog.
  3036 | D:4      | Found an opulent altar of Gozag.
  3366 | D:4      | Found Lezoicos's General Store.
  3437 | D:4      | Found a runed translucent gate.
  3437 | D:4      | Noticed veles2001's ghost (amateur HuBe)
  3438 | D:4      | Found a runed translucent gate.
  3439 | D:4      | Found a runed translucent gate.
  3797 | D:5      | Entered Level 5 of the Dungeon
  3856 | D:5      | Reached XP level 8. HP: 51/75 MP: 8/8
  4030 | D:5      | Found a glowing drain.
  4068 | Sewer    | Entered a sewer
  4968 | D:6      | Found a sacrificial altar of Ru.
  4968 | D:6      | Found a shimmering blue altar of Sif Muna.
  4980 | D:6      | Found an ancient bone altar of Kikubaaqudgha.
  4986 | D:6      | Found a faded altar of an unknown god.
  4996 | D:6      | Found a burning altar of Makhleb.
  5184 | D:6      | Found a staircase to the Ecumenical Temple.
  5212 | Temple   | Entered the Ecumenical Temple
  5429 | D:7      | Found a hazy altar of Hepliaklqana.
  5439 | D:7      | Reached skill level 5 in Unarmed Combat
  5450 | D:7      | Noticed Maggie
  5462 | D:7      | Killed Maggie
  5463 | D:7      | Reached skill level 5 in Fighting
  5463 | D:7      | Reached skill level 8 in Shapeshifting
  5463 | D:7      | Reached XP level 9. HP: 88/88 MP: 9/9
  5643 | D:7      | HP: 3/89 [yak (17)]
  5644 | D:7      | Mangled by a yak

Illustrated notes

Levels and vault maps discovered:
D:1:      erik_arrival_blinker_ship, layout_loops_ring
D:2:      wad_lake_hut, layout_rooms
D:3:      minmay_evil_eye, layout_basic, nemelex_xobeh_ov_fountains_minmay,
          fedhas_altar_4, nicolae_uskayaw_en_pointe, uniq_crazy_yiuf_cottage,
          uniq_grinder
D:4:      layout_layer_cave, lemuel_doored_altar, trog_butcher_becter,
          biasface_ghost_orc_armoury, serial_shops, shop, kennysheep_boxes
D:5:      layout_cave_pools, serial_glass, glass_columns_a, glass_columns_b,
          glass_columns_c, glass_columns_a, glass_columns_a,
          gup_sewer_entry_glass
D:6:      layout_rooms, chequers_temple_overflow_minitemple,
          minmay_temple_entry_ruins, minmay_misc_feat_five
D:7:      layout_basic, mainiacjoe_overflow_concentric_impassable,
          kennysheep_path_1, grunt_decor_clamped, uniq_maggie, uniq_menkaure,
          uniq_jeremiah
Temple:   hellmonk_temple_flake

Skill      XL: |  1  2  3  4  5  6  7  8  9 |
---------------+----------------------------+-----
Shapeshifting  | 4 5 6 7 8 |  8.3
Fighting       | 3 5 6 |  6.1
Dodging        | 2 3 4 |  4.4
Unarmed Combat | 4 5 6 |  6.5

Action                     |  1- 3 |  4- 6 |  7- 9 || total
---------------------------+-------+-------+-------++-------
  Melee: Unarmed           |    84 |    70 |   378 ||   532
         Headbutt          |     6 |     7 |    78 ||    91
         Punch             |     1 |     1 |       ||     2
    Use: Potion            |       |     1 |     1 ||     2
         Scroll            |       |       |    17 ||    17
 Armour: Animal skin       |    58 |    22 |       ||    80
         Skin              |       |    25 |   172 ||   197
  Dodge: Dodged            |    34 |    40 |   253 ||   327
  Block: Other             |       |       |    65 ||    65
   Form: Flux              |       |     1 |       ||     1

Table legend: (Time is in decaauts)
 A = Elapsed time spent in this place.
 B = Non-inter-level travel time spent in this place.
 C = Inter-level travel time spent in this place.
 D = Time resting spent in this place.
 E = Time spent auto-exploring this place.
 F = Levels seen in this place.
 G = Mean time per level.
                   A        B        C        D        E       F      G
               +--------+--------+--------+--------+--------+-----+--------+
         Total |   5622 |   5468 |    154 |    607 |   3599 |   9 |  624.7 |
       Dungeon |   4991 |   4838 |    153 |    557 |   3252 |   7 |  713.0 |
        Temple |      1 |      1 |      0 |      0 |      0 |   1 |    1.0 |
         Sewer |    629 |    629 |      0 |     50 |    347 |   1 |  629.0 |
               +--------+--------+--------+--------+--------+-----+--------+

Top non-repeatable levels by time:
     D:4: 1377 daAuts
     D:3: 1255 daAuts
   Sewer: 629 daAuts
     D:2: 612 daAuts
     D:1: 541 daAuts
     D:6: 490 daAuts
     D:5: 480 daAuts
     D:7: 232 daAuts
  Temple: 1 daAuts
